AoeStats
← francoishurdebise

Arena

508937346Analyzed
1v1 RM · 9d ago on Sep 24, 2026· 24m 27s· 2 players
Game mode
Random Map
Map size
Tiny (2 player)
Population
200
Speed
Normal
Resources
Standard
Victory
Conquest
Starting age
Dark Age
Ending age
Imperial Age
RankedLock teamsTeams togetherTeam positionsShared explorationLock speedFull tech treeHidden civsTurbo modeCheats
Victory
Defeat
🇦🇷 Bohemians · Argentina
993
+14
🇧🇪 Franks · Belgium
952
-41
AndyCharuto
9:44 Feudal Age
13:33 Castle Age
12:48 Double-Bit Axe
14:30 Bow Saw
20:25 Loom
21:43 Town Watch
22:30 Sanctity
francoishurdebise
14:45 Feudal Age
16:24 Wheelbarrow
16:32 Double-Bit Axe
17:16 Stone Mining
23:21 Castle Age
Connection lost

Rejoining the realm…

Still unreachable

The connection could not be restored.

Session expired

The server has moved on; the page needs a fresh start.